Map: New Repugnancy LE

Players

ZhuGeLiang

  • Race: Zerg Zerg
  • League: Grandmaster
  • Spawn Location: 1:00

Lambo - Winner!

  • Race: Zerg Zerg
  • League: Master
  • Spawn Location: 7:00

Event: 2019 Assembly Summer

VOD

Have the link to the VOD?

Description

Time

  • Played on: Aug. 1, 2019, 8:26 a.m.
  • Length: 14:31

All games in this series

Show
View Real Time Build Order
Export as new Build Order

ZhuGeLiang Zerg 

Build Orders: Hatch First 

Get SALT Encoding   

  12  0:00  Drone  
  13  0:12  Overlord  
  13  0:18  Drone  
  14  0:31  Drone x2  
  16  0:49  Hatchery  
  15  0:51  Drone  
  15  0:55  Drone  
  17  0:59  Drone  
  18  1:09  Extractor  
  17  1:14  Spawning Pool  
  17  1:17  Drone  
  17  1:20  Drone  
  18  1:29  Drone  
  19  1:39  Drone  
  20  1:50  Drone  
  21  2:00  Overlord  
  21  2:01  Queen x2  
  23  2:02  Drone  
  26  2:11  Drone  
  26  2:12  Drone  
  29  2:22  Drone  
  29  2:23  Zergling x2  
  30  2:34  Overlord  
  30  2:36  Drone, Queen x2  
  33  2:43  Drone  
  36  2:54  Drone  
  36  2:55  Drone x2, Roach Warren  
  38  3:05  Drone  
  39  3:06  Overlord  
  39  3:09  Drone  
  39  3:10  Drone x4  
  44  3:13  Lair  
  44  3:17  Drone, Extractor  
  44  3:25  Overlord  
  44  3:26  Drone  
  45  3:31  Evolution Chamber  
  45  3:32  Drone x2  
  45  3:40  Drone  
  45  3:41  Drone, Evolution Chamber  
  46  3:45  Drone x6  
  52  3:53  Drone x2  
  54  3:56  Extractor x2  
  54  3:57  Zerg Missile Weapons Level 1  
  52  4:04  Roach x2  
  56  4:13  Glial Reconstitution  
  56  4:14  Roach  
  58  4:19  Overlord x4  
  58  4:21  Roach  
  60  4:38  Roach x4  
  68  4:45  Roach  
  70  4:49  Roach  
  70  4:51  Roach x4  
  80  5:02  Drone, Overlord  
  81  5:08  Queen  
  81  5:10  Roach x3  
  89  5:18  Hatchery  
  89  5:19  Roach x2  
  92  5:26  Roach x3  
  92  5:27  Overlord  
  98  5:31  Overlord  
  98  5:33  Ravager x2  
  100  5:49  Ravager x5  
  105  5:50  Roach  
  105  5:53  Roach  
  110  5:57  Drone x7  
  110  6:03  Queen  
  101  6:21  Roach  
  101  6:22  Roach x3  
  99  6:27  Drone x2  
  99  6:28  Roach x2, Drone  
  99  6:29  Roach  
  99  6:31  Zerg Missile Weapons Level 2  
  106  6:35  Overseer  
  106  6:42  Zerg Ground Armor Level 1  
  106  6:43  Drone x5  
  111  6:47  Overlord  
  111  6:52  Roach x2  
  115  6:57  Overlord  
  115  7:09  Roach x7  
  115  7:10  Overlord  
  115  7:15  Overlord x3  
  122  7:23  Roach  
  122  7:24  Roach x3  
  130  7:32  Ravager  
  130  7:33  Roach x4  
  130  7:34  Roach  
  130  7:35  Roach x2  
  145  7:40  Roach x2  
  149  7:46  Roach x2  
  149  7:50  Extractor  
  151  7:52  Roach  
  151  7:55  Overlord x2  
  151  7:56  Roach x2  
  157  8:01  Overlord  
  157  8:03  Roach x5  
  157  8:05  Overlord  
  167  8:09  Overseer, Overlord  
  169  8:13  Roach  
  169  8:16  Roach  
  171  8:21  Roach x2  
  175  8:28  Roach  
  175  8:30  Roach x4  
  175  8:33  Roach x4  
  193  8:37  Roach x2  
  193  8:38  Roach  
  177  9:04  Roach x8  
  151  9:10  Roach x9  
  151  9:15  Roach  
  133  9:23  Roach x3  
  134  9:31  Roach  
  134  9:32  Roach  
  138  9:40  Roach  
  138  9:45  Roach x3  
  142  9:50  Ravager  
  143  9:52  Roach  
  143  9:53  Roach  
  143  9:58  Roach  
  143  9:59  Roach x7  
  159  10:00  Ravager  
  159  10:02  Hatchery  
  159  10:03  Roach x2  
  163  10:11  Roach x3  
  169  10:14  Ravager  
  169  10:20  Roach  
  172  10:25  Extractor  
  172  10:26  Roach x7  
  185  10:32  Roach x2  
  185  10:33  Roach  
  189  10:49  Roach x5  
  189  10:51  Queen  
  183  10:59  Roach x6  
  193  11:06  Ravager  
  193  11:07  Overlord x2  
  193  11:10  Overlord  
  194  11:13  Overlord  
  194  11:25  Overlord  
  194  11:33  Roach x3  
  196  12:03  Hatchery  
  196  12:06  Roach x3  
  196  12:07  Roach  
  200  12:15  Roach x10  
  153  12:26  Roach x2  
  130  12:32  Roach x10  
  119  12:37  Roach x2  
  119  12:42  Ravager x8  
  127  12:44  Roach x2  
  127  12:49  Roach  
  127  12:50  Roach x2  
  135  12:51  Roach  
  135  12:54  Overseer  
  135  12:58  Overseer  
  135  13:06  Roach x5  
  135  13:11  Roach x2  
  149  13:17  Ravager  
  149  13:18  Ravager x5  
  155  13:30  Roach  
  155  13:31  Roach x5  
  167  13:38  Roach x2  
  144  13:48  Roach x3  
  144  13:54  Ravager  
  144  13:55  Ravager  
  150  14:02  Roach x4  
  158  14:08  Roach  
Show
View Real Time Build Order
Export as new Build Order

Lambo Zerg - Winner!

Build Orders: Hatch First 

Get SALT Encoding   

  12  0:00  Drone  
  13  0:12  Overlord  
  13  0:16  Drone  
  14  0:30  Drone x2  
  16  0:48  Hatchery  
  15  0:51  Drone  
  15  0:55  Drone  
  17  0:59  Drone  
  18  1:08  Extractor  
  17  1:13  Spawning Pool  
  17  1:17  Drone  
  17  1:20  Drone  
  18  1:28  Drone  
  19  1:38  Drone  
  20  1:51  Drone  
  21  1:59  Queen x2  
  21  2:00  Overlord, Zergling x2  
  26  2:09  Metabolic Boost  
  26  2:11  Drone  
  26  2:13  Drone  
  28  2:21  Drone  
  29  2:25  Drone  
  30  2:34  Drone x2  
  32  2:40  Hatchery  
  32  2:43  Drone  
  32  2:49  Overlord  
  31  2:55  Drone  
  31  2:56  Drone  
  33  3:00  Evolution Chamber  
  33  3:04  Zergling x2  
  33  3:06  Roach Warren  
  33  3:09  Drone x2  
  33  3:10  Drone  
  35  3:13  Zergling x2  
  35  3:16  Drone  
  35  3:18  Drone  
  39  3:20  Drone  
  39  3:22  Drone  
  39  3:26  Drone  
  41  3:29  Zerg Missile Weapons Level 1  
  41  3:30  Drone  
  41  3:32  Drone  
  43  3:39  Drone  
  44  3:43  Extractor x2  
  44  3:44  Overlord  
  44  3:46  Drone x2  
  44  3:53  Drone x3  
  47  3:55  Overlord  
  47  4:01  Drone  
  47  4:02  Queen  
  50  4:07  Lair  
  50  4:09  Drone  
  51  4:11  Overlord  
  51  4:16  Drone x3  
  54  4:17  Drone  
  54  4:18  Drone  
  54  4:21  Roach  
  54  4:23  Roach  
  60  4:25  Overlord  
  60  4:29  Roach  
  62  4:32  Overlord  
  62  4:33  Overlord  
  62  4:38  Overlord  
  62  4:40  Roach  
  62  4:44  Roach x2  
  67  4:48  Roach x2  
  67  4:51  Overlord  
  71  4:57  Roach x3  
  77  5:01  Roach x2  
  77  5:04  Roach  
  82  5:07  Roach x2  
  82  5:10  Glial Reconstitution  
  82  5:11  Roach  
  88  5:16  Roach  
  88  5:19  Roach x3  
  96  5:23  Zergling x2  
  96  5:25  Overlord  
  96  5:26  Roach  
  99  5:29  Overlord  
  99  5:30  Roach  
  99  5:33  Roach  
  103  5:36  Roach  
  105  5:43  Overlord, Queen  
  111  5:50  Roach x4  
  111  5:52  Overlord  
  111  5:54  Roach  
  117  5:58  Roach x2  
  117  6:04  Roach x2  
  123  6:08  Roach x3  
  121  6:12  Roach  
  121  6:18  Roach x2  
  113  6:21  Roach  
  113  6:24  Roach  
  107  6:27  Overlord  
  107  6:28  Roach  
  107  6:29  Roach  
  111  6:33  Zergling x2  
  111  6:34  Zergling x4  
  111  6:36  Overlord  
  114  6:45  Drone  
  114  6:48  Zerg Ground Armor Level 1  
  114  6:49  Drone x4, Extractor  
  114  6:50  Drone  
  114  6:51  Extractor  
  114  6:53  Roach  
  114  6:54  Roach  
  121  6:57  Roach  
  121  7:01  Overlord  
  124  7:06  Roach x2  
  128  7:12  Overlord  
  128  7:13  Overlord  
  128  7:16  Overlord  
  128  7:18  Overlord  
  128  7:19  Drone x4  
  128  7:21  Drone x4  
  135  7:29  Roach  
  137  7:34  Roach x4  
  137  7:36  Roach  
  145  7:43  Roach x5  
  153  7:48  Extractor  
  152  7:52  Drone x2  
  152  7:55  Roach  
  152  7:57  Extractor  
  155  8:02  Roach x4  
  155  8:03  Hatchery  
  162  8:08  Roach x2  
  162  8:10  Ravager  
  162  8:12  Roach  
  169  8:13  Overlord x2  
  169  8:16  Overlord  
  169  8:17  Overseer  
  169  8:18  Overlord  
  169  8:22  Overlord  
  169  8:26  Overlord  
  169  8:31  Overlord  
  169  8:32  Ravager  
  169  8:33  Roach x3  
  176  8:37  Ravager  
  176  8:38  Roach x3  
  176  8:40  Roach  
  185  8:41  Zerg Missile Weapons Level 2  
  185  8:43  Roach, Drone  
  185  8:48  Roach x2  
  192  8:50  Ravager  
  192  8:51  Ravager  
  192  8:54  Roach x2  
  198  9:02  Roach x4  
  185  9:04  Roach x2  
  185  9:06  Roach  
  185  9:09  Roach  
  167  9:10  Roach  
  167  9:14  Roach  
  167  9:15  Roach  
  154  9:19  Roach x2  
  154  9:23  Ravager  
  159  9:26  Roach x4  
  159  9:29  Ravager  
  159  9:30  Roach  
  170  9:40  Roach x4  
  170  9:42  Roach  
  177  9:47  Drone x3  
  177  9:48  Drone  
  177  9:50  Roach  
  183  9:53  Ravager  
  183  9:57  Roach x3  
  190  10:00  Roach x2  
  190  10:03  Roach x2  
  198  10:07  Pneumatized Carapace  
  198  10:15  Roach  
  200  10:34  Tunneling Claws  
  200  10:35  Burrow  
  196  10:45  Roach x3  
  192  10:56  Roach x7  
  198  10:58  Roach x3  
  198  10:59  Overseer  
  198  11:03  Roach x5  
  200  11:08  Overlord  
  198  11:22  Ravager  
  198  11:24  Ravager  
  200  11:30  Roach x5  
  200  11:32  Roach x5  
  197  11:34  Roach  
  197  11:49  Extractor  
  197  11:51  Roach x2  
  196  12:02  Roach x4  
  196  12:07  Roach x4  
  199  12:11  Roach  
  199  12:13  Roach x2  
  199  12:15  Roach x5  
  199  12:17  Roach x5  
  199  12:21  Roach x7  
  188  12:25  Roach  
  188  12:27  Roach x2  
  167  12:30  Roach  
  167  12:35  Roach  
  158  12:39  Roach x2  
  158  12:40  Ravager  
  158  12:41  Ravager x2  
  158  12:42  Ravager  
  166  12:45  Roach  
  166  12:50  Roach x5  
  166  12:51  Ravager x2  
  180  12:53  Drone x2, Queen  
  184  13:00  Roach x5  
  184  13:02  Roach x3  
  184  13:04  Roach x4  
  194  13:15  Overlord  
  194  13:30  Roach x4  
  200  13:38  Roach x3  
  200  13:41  Roach x3  
  200  13:44  Roach x18  
  200  13:47  Roach  
  200  13:48  Roach x5  
  199  13:51  Spire  
  199  13:52  Extractor  
  199  13:54  Roach x19  
Tags
 
Add a new tag
Caveats
  • Supply blocks, unpowered buildings, or Contaminate may cause inaccurate times.
  • Supply counts are checked every 10 seconds.